AoeStats
← DRdaykhair

MegaRandom

510213748Analyzed
2v2 RM · 2d ago on Sep 30, 2026· 71m 8s· 4 players
Game mode
Random Map
Map size
Medium (4 player)
Population
200
Speed
Normal
Resources
Standard
Victory
Conquest
Starting age
Dark Age
Ending age
Imperial Age
RankedLock teamsTeams togetherTeam positionsShared explorationLock speedFull tech treeHidden civsTurbo modeCheats
Victory
Defeat
🇪🇸 Wei · Spain
295
+19
🇪🇸 Wu · Spain
294
+19
🇵🇪 Italians · Peru
414
-22
🇺🇸 Britons · United States
298
-16
DRdaykhair
1:03 Loom
13:51 Feudal Age
15:12 Wheelbarrow
14:24 Town Watch
15:46 Stone Mining
16:23 Padded Archer Armor
17:32 Fletching
18:10 Horse Collar
23:17 Gold Mining
24:33 Scale Mail Armor
24:44 Forging
24:40 Scale Barding Armor
27:40 Castle Age
28:01 Crossbowman
29:38 Bodkin Arrow
29:19 Elite Skirmisher
30:27 Guard Tower
30:18 Treadmill Crane
31:47 Leather Archer Armor
31:38 Double-Bit Axe
33:26 Squires
34:19 Husbandry
35:47 Gold Shaft Mining
35:43 Hand Cart
38:04 Yeomen
37:59 Light Cavalry
39:36 Heavy Plow
40:20 Coinage
40:02 Caravan
41:58 Iron Casting
41:41 Chain Mail Armor
43:51 Bow Saw
44:08 Chain Barding Armor
45:34 Fortified Wall
45:35 Masonry
47:16 Gambesons
47:21 Arson
48:27 Murder Holes
48:25 Heated Shot
51:33 Pikeman
55:24 Imperial Age
53:01 Town Patrol
54:44 Ballistics
56:14 Arrowslits
59:02 Conscription
60:06 Keep
60:49 Blast Furnace
64:24 Hoardings
Un HC en depresión
1:21 Loom
12:59 Feudal Age
15:03 Wheelbarrow
14:15 Double-Bit Axe
14:25 Gold Mining
14:30 Stone Mining
24:30 Castle Age
23:49 Bloodlines
23:29 Arson
26:39 Hand Cart
27:06 Stone Shaft Mining
33:09 Imperial Age
31:24 Silk Road
30:34 Pikeman
31:15 Squires
30:38 Crossbowman
30:42 Elite Skirmisher
31:34 Husbandry
30:55 Light Cavalry
31:46 Thumb Ring
34:24 Bow Saw
35:09 Caravan
35:40 Coinage
39:28 Pirotechnia
40:33 Cavalier
42:07 Hussar
44:09 Arbalester
45:08 Forging
44:59 Scale Mail Armor
45:06 Scale Barding Armor
45:01 Padded Archer Armor
44:52 Fletching
47:24 Iron Casting
47:04 Chain Mail Armor
48:07 Chemistry
47:31 Ballistics
49:22 Elite Genoese Crossbowman
OUUU_EL_POL
10:08 Feudal Age
15:15 Double-Bit Axe
15:14 Horse Collar
15:27 Gold Mining
24:53 Castle Age
26:14 Wheelbarrow
30:12 Imperial Age
28:05 Hand Cart
28:05 Bow Saw
28:09 Heavy Plow
28:51 Gold Shaft Mining
28:10 Stone Mining
28:46 Squires
29:20 Town Watch
32:05 Two-Man Saw
31:11 Fletching
31:22 Padded Archer Armor
31:23 Scale Mail Armor
31:33 Forging
31:29 Scale Barding Armor
33:17 Husbandry
33:28 Bloodlines
34:47 Caravan
35:45 Elite Fire Archer
36:49 Conscription
36:37 Sitting Tiger
38:02 Town Patrol
38:50 Stone Shaft Mining
43:54 Ballistics
44:58 Chemistry
43:54 Guard Tower
44:01 Murder Holes
44:22 Masonry
43:53 Treadmill Crane
44:06 Heated Shot
45:55 Onager
53:32 Red Cliffs Tactics
temp-1325923
13:52 Feudal Age
16:07 Double-Bit Axe
18:05 Horse Collar
18:32 Man-at-Arms
21:03 Gold Mining
21:04 Stone Mining
24:46 Castle Age
24:06 Bloodlines
25:48 Wheelbarrow
29:56 Thumb Ring
30:13 Husbandry
30:44 Scale Barding Armor
30:50 Forging
30:41 Scale Mail Armor
30:42 Padded Archer Armor
30:33 Fletching
36:16 Chain Barding Armor
36:33 Iron Casting
36:14 Chain Mail Armor
36:16 Leather Archer Armor
35:57 Bodkin Arrow
37:04 Bow Saw
40:41 Imperial Age
40:29 Gold Shaft Mining
40:30 Stone Shaft Mining
41:33 Bracer
42:04 Ring Archer Armor
42:35 Blast Furnace
42:39 Chemistry
42:35 Onager
46:33 Ming Guang Armor
65:31 Tuntian
Connection lost

Rejoining the realm…

Still unreachable

The connection could not be restored.

Session expired

The server has moved on; the page needs a fresh start.